 Dungeon Crawl Stone Soup version 0.28.0-45-g0d030f2227 (webtiles) character file.

Game seed: 334761610464453354

296115 McKennaii the Warrior (level 20, -15/178 HPs)
             Began as a Demonspawn Fighter on Apr 6, 2022.
             Was an Initiate of Gozag.
             Killed from afar by a yellow draconian (20 damage)
             ... with a glob of acid
             ... on level 4 of the Depths.
             The game lasted 01:50:37 (69111 turns).

McKennaii the Warrior (Demonspawn Fighter)         Turns: 69111, Time: 01:50:37

Health: -15/178    AC: 23    Str: 30      XL:     20   Next: 7%
Magic:  0/20       EV: 17    Int:  9 (10) God:    Gozag
Gold:   6215       SH:  0    Dex: 24      Spells: 19/19 levels left

rFire   + + .      SeeInvis .   D - +11 scythe of the Endless March {speed, rElec rPois Int+5 Dex+2}
rCold   + + .      Faith    .   (shield currently unavailable)
rNeg    . . .      Spirit   +   S - +3 plate armour {rC+}
rPois   +          Reflect  .   (helmet unavailable)
rElec   +          Harm     .   V - scarf {rC+ rF+}
rCorr   .          Rampage  +   M - +0 pair of gloves of Lifelessness {Dex+2}
Will    +....                   q - +2 pair of boots {rampage}
Stlth   ..........              R - amulet "Vutzeyv" {Spirit Dex+3}
HPRegen 0.39/turn               t - ring of protection from fire
MPRegen 0.17/turn               I - ring "Niehikk" {Str+6 Int-5 Dex+3 Slay+2}

@: corroded, gold aura, studying Spellcasting
A: horns 3, slimy green scales 3, demonic guardian 2, foul stench 2,
augmentation 2
}: 2/15 runes: serpentine, barnacled
a: Renounce Religion, Potion Petition, Call Merchant, Bribe Branch


You were on level 4 of the Depths.
You worshipped Gozag.
Gozag was greatly pleased with you.
You visited 7 branches of the dungeon, and saw 36 of its levels.
You also visited: Gauntlet, Ice Cave and Volcano.

You collected 14878 gold pieces.
You spent 5075 gold pieces at shops.
You paid 3588 gold pieces to Gozag.

Inventory:

Hand Weapons
 a - a +2 demon trident of electrocution
 D - the +11 scythe of the Endless March (weapon) {speed, rElec rPois Int+5 Dex+2}
   (You bought it in a shop on level 6 of the Dungeon)

   Attacks with this weapon are significantly faster.
   Int:       It affects your intelligence (+5).
   Dex:       It affects your dexterity (+2).
   rElec:     It insulates you from electricity.
   rPois:     It protects you from poison.
Armour
 h - a +0 tower shield of positive energy
 q - a +2 pair of boots of rampaging (worn)
 M - the +0 pair of gloves of Lifelessness (worn) {Dex+2}
   (You bought it in a shop on level 3 of the Shoals)

   Dex:       It affects your dexterity (+2).
 S - a +3 plate armour of cold resistance (worn)
 V - a scarf of resistance (worn)
Jewellery
 c - a ring of ice
 m - a ring of see invisible
 o - a ring of flight
 t - a ring of protection from fire (left hand)
 G - the ring of Vodka {rN+ MP+9 Int-2 Dex+3}
   (You took it off a merfolk impaler on level 3 of the Shoals)

   [ring of magical power]

   Int:       It affects your intelligence (-2).
   Dex:       It affects your dexterity (+3).
   rN:        It protects you from negative energy.
   MP:        It affects your magic capacity (+9).
 I - the ring "Niehikk" (right hand) {Str+6 Int-5 Dex+3 Slay+2}
   (You bought it in a shop on level 2 of the Lair of Beasts)

   [ring of strength]

   Str:       It affects your strength (+6).
   Int:       It affects your intelligence (-5).
   Dex:       It affects your dexterity (+3).
   Slay:      It affects your accuracy & damage with ranged weapons and melee
   (+2).
 N - a ring of protection from cold
 R - the amulet "Vutzeyv" (around neck) {Spirit Dex+3}
   (You found it on level 1 of the Shoals)

   [amulet of guardian spirit]

   It causes incoming damage to be divided between your reserves of health and
   magic.
   Dex:       It affects your dexterity (+3).
 U - a ring of resist corrosion
Wands
 v - a wand of charming (19)
 H - a wand of polymorph (2)
 Q - a wand of paralysis (4)
 T - a wand of flame (12)
 W - a wand of acid (6)
 X - a wand of iceblast (6)
 Y - a wand of digging (6)
Scrolls
 b - 5 scrolls of teleportation
 e - 3 scrolls of brand weapon
 g - a scroll of torment
 l - 8 scrolls of amnesia
 n - a scroll of summoning
 p - 8 scrolls of immolation
 s - 5 scrolls of magic mapping
 w - 3 scrolls of fear
 y - 5 scrolls of fog
 z - 4 scrolls of blinking
 B - 8 scrolls of enchant armour
 C - 7 scrolls of vulnerability
 J - 5 scrolls of enchant weapon
Potions
 d - 6 potions of might
 f - 4 potions of lignification
 i - 3 potions of brilliance
 j - 6 potions of invisibility
 k - 2 potions of berserk rage
 r - 11 potions of curing
 u - 9 potions of attraction
 x - a potion of heal wounds
 A - 3 potions of mutation
 E - 2 potions of flight
 F - 4 potions of resistance
 K - 3 potions of cancellation
 L - 6 potions of ambrosia
 O - 2 potions of haste
 P - 3 potions of magic


   Skills:
 + Level 20.8 Fighting
 + Level 19.1 Polearms
 + Level 19.2 Armour
 + Level 11.6 Dodging
 - Level 6.6 Shields


You had 19 spell levels left.
You didn't know any spells.
Your spell library contained the following spells:

 Spells                   Type           Power      Damage    Failure   Level
 Beastly Appendage        Tmut           0%         N/A       86%         1
 Foxfire                  Conj/Fire      0%         2x1d4     86%         1
 Freeze                   Ice            0%         1d3       86%         1
 Sandblast                Erth           0%         2d4       86%         1
 Sting                    Tmut/Pois      0%         1d3       86%         1
 Ensorcelled Hibernation  Hex/Ice        0%         N/A       95%         2
 Passwall                 Tmut/Erth      0%         N/A       95%         2
 Poisonous Vapours        Pois/Air       0%         N/A       95%         2
 Sublimation of Blood     Necr           0%         N/A       95%         2
 Wereblood                Tmut           0%         N/A       95%         2
 Call Canine Familiar     Summ           0%         N/A       99%         3
 Conjure Flame            Conj/Fire      0%         6-21      99%         3
 Frozen Ramparts          Ice            0%         1d2       99%         3
 Inner Flame              Hex/Fire       0%         N/A       99%         3
 Portal Projectile        Hex/Tloc       0%         N/A       99%         3
 Spider Form              Tmut/Pois      0%         N/A       99%         3
 Swiftness                Air            0%         N/A       99%         3
 Airstrike                Air            0%         N/A       100%        4
 Animate Armour           Summ/Erth      0%         N/A       100%        4
 Cause Fear               Hex            0%         N/A       100%        4
 Flame Wave               Conj/Fire      0%         2d4       100%        4
 Fulminant Prism          Conj/Hex       0%         3d6       100%        4
 Hailstorm                Conj/Ice       0%         3d3       100%        4
 Ice Form                 Ice/Tmut       0%         N/A       100%        4
 Olgreb's Toxic Radiance  Pois           0%         N/A       100%        4
 Petrify                  Tmut/Erth      0%         N/A       100%        4
 Summon Ice Beast         Ice/Summ       0%         N/A       100%        4
 Summon Lightning Spire   Summ/Air       0%         N/A       100%        4
 Blade Hands              Tmut           0%         N/A       100%        5
 Borgnjor's Vile Clutch   Necr/Erth      0%         N/A       100%        5
 Fireball                 Conj/Fire      0%         3d3       100%        5
 Irradiate                Conj/Tmut      0%         3d14      100%        5
 Iskenderun's Battlesphe  Conj           0%         2d6       100%        5
 Lightning Bolt           Conj/Air       0%         1d11      100%        5
 Summon Forest            Summ/Tloc      0%         N/A       100%        5
 Yara's Violent Unravell  Hex/Tmut       0%         3d3       100%        5
 Conjure Ball Lightning   Conj/Air       0%         3x3d6     100%        6
 Eringya's Noxious Bog    Tmut/Pois      0%         N/A       100%        6
 Iron Shot                Conj/Erth      0%         9d1       100%        6
 Malign Gateway           Summ/Tloc      0%         N/A       100%        7
 Orb of Destruction       Conj           0%         9d5       100%        7
 Ozocubu's Refrigeration  Ice            0%         4d5       100%        7
 Spellforged Servitor     Conj/Summ      0%         N/A       100%        7
 Storm Form               Tmut/Air       0%         N/A       100%        7
 Summon Hydra             Summ           0%         N/A       100%        7
 Discord                  Hex            0%         N/A       100%        8
 Ignition                 Fire           0%         3d3       100%        8
 Summon Horrible Things   Summ           0%         N/A       100%        8


Dungeon Overview and Level Annotations

Branches:
Dungeon (15/15)            Temple (1/1) D:7            Lair (6/6) D:8
 Shoals (4/4) Lair:2        Snake (4/4) Lair:2        Slime (0/5) Lair:6
    Orc (2/2) D:10            Elf (0/3) Orc:2        Vaults (0/5) D:14
 Depths (4/4) D:15          IceCv (visited)         Volcano (visited)
Gauntlet (visited)
    Zot: Depths:4

Altars:
Ashenzari
Cheibriados
Dithmenos
Elyvilon
Fedhas
Gozag
Hepliaklqana
Kikubaaqudgha
Makhleb
Nemelex Xobeh
Okawaru
Qazlal
Ru
Trog
Uskayaw
Xom
Zin
The Shining One
Beogh
Jiyva

Shops:
D:5 *:*   D:6 *((   D:13 *   D:15 *   Orc:2 [([[=   Lair:1 [   Lair:2 =
Shoals:3 [   Shoals:4 ((?=   Snake:1 =::   Snake:2 *   Depths:4 (*[*

Portals:
Hell: Depths:1
Abyss: Depths:2
Pandemonium: Depths:1


Innate Abilities, Weirdness & Mutations

You have a pair of large horns on your head.
You are completely covered in slimy green scales. (AC +4, rPois)
A demonic guardian rushes to your aid.
You sometimes emit foul miasma when damaged in melee.
Your magical and physical power is enhanced at high health.


Message History

The caustic shrike is moderately wounded.
The caustic shrike claws you but does no damage.
The caustic shrike is engulfed in dark miasma.
The caustic shrike looks as sick as possible!
Unknown command.
Unknown command.
You slash the caustic shrike!
The caustic shrike is heavily wounded.
The caustic shrike barely misses you.
The caustic shrike is engulfed in dark miasma.
The caustic shrike looks as sick as possible!
The caustic shrike seems to slow down.
The caustic shrike barely misses you.
Unknown command.
Unknown command.
You closely miss the caustic shrike.
The caustic shrike is heavily wounded.
The caustic shrike is engulfed in dark miasma.
The caustic shrike looks as sick as possible!
The caustic shrike seems to slow down.
The caustic shrike claws you but does no damage.
Unknown command.
Unknown command.
You slash the caustic shrike!
Your headbutt misses the caustic shrike.
The caustic shrike is heavily wounded.
The caustic shrike claws you!!
* * * LOW HITPOINT WARNING * * *
The acid corrodes you!
You are splashed with acid!
* * * LOW HITPOINT WARNING * * *
A demonic guardian appears!
The caustic shrike is engulfed in dark miasma.
The caustic shrike looks as sick as possible!
The caustic shrike seems to slow down.
The caustic shrike claws you!!
* * * LOW HITPOINT WARNING * * *
The acid corrodes you!
You are splashed with acid!
* * * LOW HITPOINT WARNING * * *
The yellow draconian spits acid at you. The glob of acid hits you!!
You die...
Your body crumbles into a pile of gold.

,,,...,,##......#
,,,....##......#* *## *******
#,####.........#####.###,,,,,*
###..####......#........,,,,,*
.)).....###....#........,,****
.##.......#..###......#*,** ***
.#........##.#....2...#,,,* *,,
##........#..##.b○....#,,,** **,
,#.#.###.##...#.@b....##,,,* *,
...###........#...#....#,*******,
##.#,#............###.##,,,,,,,*,
,....#.................#,,,**,,,,
,..............$...d..#*,,,*,,,,,
.....###..#.#.#..$..#.#..,**,,,,*
.....*,###...............,*,,,,,,
,,##,*,,#......$$#####...,*,,,,,*
,,*,,,,##.......##,,,**,***,,,,,,


You could see 2 caustic shrikes, a yellow draconian (catching breath) and a
friendly balrug (summoned).

Vanquished Creatures
  Vashnia (Snake:4)
  Bai Suzhen (Depths:1)
  A caustic shrike (Depths:4)
  A golden dragon (Depths:4)
  the Enchantress (Depths:1)
  A tentacled monstrosity (Shoals:3)
  Asterion (Snake:3)
  3 acid blobs (Depths:1)
  Gastronok (Lair:1)
  A kraken (Shoals:3)
  A storm dragon (D:15)
  Ilsuiw (Shoals:4)
  4 rockslimes (Depths:1)
  2 fire giants (Depths:1)
  7 nagarajas
  4 azure jellies (Depths:1)
  An orc warlord (Orc:2)
  A frost giant (IceCv)
  An iron dragon (Depths:4)
  Aizul (Snake:1)
  A draconian scorcher (Depths:4)
  3 spriggan defenders (Depths:1)
  7 very ugly things
  A green draconian (Depths:4)
  The ghost of Skiberibeda the Grappler, a journeyman TrMo of Jiyva (D:11)
  Nessos (D:15)
  A red draconian (Depths:4)
  A minotaur (Gauntlet)
  6 merfolk javelineers (Shoals:4)
  3 fire dragons
  19 merfolk impalers
  An ettin (Depths:1)
  The ghost of Sheol the Fighter, a journeyman MiFi of Okawaru (Lair:1)
  A yaktaur captain (Depths:4)
  3 salamander tyrants
  3 boulder beetles
  3 great orbs of eyes (Depths:1)
  17 naga warriors
  3 vault guards (D:14)
  9 ice dragons
  2 catoblepae
  7 anacondas
  A spriggan air mage (Depths:1)
  8 hydras
  5 merfolk avatars (Shoals:4)
  5 two-headed ogres
  3 satyrs
  6 centaur warriors
  4 merfolk aquamancers
  13 death yaks
  A tengu warrior (D:14)
  6 deep troll shamans
  4 deep troll earth magi
  2 orc high priests
  5 shock serpents
  14 naga sharpshooters
  5 hell knights (Depths:2)
  Sonja (Orc:2)
  A skeletal warrior (D:7)
  8 spectral anacondas (Snake:4)
  4 iron trolls
  5 salamander mystics
  6 deep trolls
  A steelbarb worm (shapeshifter) (Gauntlet)
  6 naga ritualists
  An anaconda zombie (Snake:4)
  2 glowing orange brains
  8 sea snakes
  A spectral hydra (Lair:1)
  An orange crystal statue (D:10)
  2 lindwurms (Volcano)
  A wizard (D:14)
  Pikel (D:5)
  An obsidian statue (D:14)
  3 anaconda skeletons (Snake:4)
  27 harpies
  A deep elf pyromancer (D:10)
  The ghost of doomsgape the Cleaver, a novice HOFi of Beogh (D:7)
  2 orc knights (Orc:2)
  20 fauns
  14 mana vipers
  3 orc sorcerers
  8 ugly things
  13 manticores
  5 cyclopes
  21 salamanders
  A toenail golem (Volcano)
  14 merfolk sirens
  4 elephants
  39 black mambas
  An ice statue (IceCv)
  6 guardian serpents
  3 water nymphs
  An eye of devastation (Gauntlet)
  19 naga magi
  2 apocalypse crabs (Shoals:3)
  A storm dragon simulacrum (D:15)
  A torpor snail (Lair:5)
  3 molten gargoyles (Volcano)
  An unseen horror (D:11)
  4 rime drakes
  14 cane toads
  5 kobold demonologists
  4 anaconda simulacra (Snake:4)
  3 tengu conjurers
  6 komodo dragons
  2 ice devils (Lair:3)
  A freezing wraith (D:14)
  3 efreet (Volcano)
  9 trolls
  7 polar bears
  34 merfolk
  A queen bee (Lair:2)
  2 hornets
  6 wind drakes
  4 slime creatures
  A wind drake (shapeshifter) (Gauntlet)
  5 dream sheep
  7 snapping turtles
  12 blink frogs
  A spectral black mamba (Lair:1)
  6 flying skulls (Gauntlet)
  Eustachio (D:7)
  4 spriggans (Depths:1)
  8 humans (D:14)
  2 wraiths
  51 yaks
  2 vampires
  23 water elementals
  5 wyverns
  4 shadows
  4 basilisks
  4 fire elementals (Volcano)
  2 death yak simulacra (Lair:1)
  6 wargs
  A vampire mosquito (D:12)
  49 nagas
  Menkaure (D:7)
  14 water moccasins
  5 acid dragons
  A floating eye (Gauntlet)
  A meliai simulacrum (D:15)
  An ice beast (D:6)
  2 sky beasts
  29 orc warriors
  4 black bears
  A necrophage (D:8)
  4 ogres
  20 wolves
  2 phantoms
  8 centaurs
  10 bullfrogs
  8 kobold brigands (D:14)
  A cane toad simulacrum (Lair:1)
  A gnoll sergeant (D:11)
  3 scorpions
  2 earth elementals (Volcano)
  A wyvern skeleton (D:5)
  31 killer bees
  4 wights
  4 howler monkeys
  An electric eel (D:12)
  A torpor snail simulacrum (Lair:1)
  3 centaur zombies
  3 lava snakes (D:10)
  A hound (D:7)
  20 orc priests
  Crazy Yiuf (D:7)
  9 jellies
  An iron imp (D:14)
  Terence (D:3)
  Jessica (D:3)
  3 centaur skeletons (D:7)
  5 iguanas
  Natasha (thrice) (D:3)
  23 orc wizards
  A hound skeleton (D:5)
  6 adders
  2 shadow imps
  5 white imps
  3 ufetubi
  An adder skeleton (D:4)
  2 worms
  A worm (shapeshifter) (Gauntlet)
  2 dart slugs (D:1)
  106 orcs
  9 ball pythons
  7 endoplasms
  5 giant cockroaches
  7 goblins
  5 hobgoblins
  19 kobolds
  7 quokkas
  6 bats
  2 rats (D:1)
  3 bushes (D:14)
  2 tentacles (Shoals:3)
1213 creatures vanquished.

Vanquished Creatures (collateral kills)
  Rupert (D:14)
  An iron dragon (Depths:4)
  2 slime creatures (D:11)
  A dire elephant (Lair:6)
  A merfolk impaler (Shoals:4)
  2 naga warriors (Snake:4)
  A catoblepas (Lair:5)
  2 hydras
  2 merfolk avatars (Shoals:3)
  A satyr (Shoals:4)
  2 death yaks (IceCv)
  2 two-headed ogres
  An anaconda (Snake:3)
  3 naga sharpshooters
  A sea snake (Shoals:4)
  2 fauns
  A harpy (Shoals:3)
  2 mana vipers (Snake:3)
  A cyclops (Shoals:4)
  2 salamanders
  A merfolk siren (Shoals:4)
  3 guardian serpents (Snake:4)
  A water nymph (Shoals:4)
  Maggie (D:6)
  3 rime drakes
  9 merfolk
  A wyvern (Lair:1)
  A yak (D:11)
  3 water elementals (Shoals:2)
  A steam dragon (D:8)
  2 vampire mosquitoes (D:11)
  An acid dragon (D:8)
  4 nagas
  A water moccasin (Lair:2)
  3 orc warriors (Orc:2)
  A hornet zombie (D:8)
  A howler monkey (D:11)
  An orc priest (Orc:2)
  An orc wizard (Orc:2)
  An adder (D:5)
  8 orcs
  A fire vortex (Volcano)
80 creatures vanquished.

Vanquished Creatures (others)
  A human (D:14)
  A naga (Snake:4)
  6 bushes
  2 fire vortices (Volcano)
  21 fungi
  356 plants
  29 tentacles (Shoals:3)
  28 withered plants (Gauntlet)
444 creatures vanquished.

Grand Total: 1737 creatures vanquished

Notes
Turn   | Place    | Note
-------+----------+-------------------------------------------
     0 | D:1      | McKennaii the Demonspawn Fighter began the quest for the
                  | Orb.
     0 | D:1      | Reached XP level 1. HP: 18/18 MP: 1/1
   235 | D:1      | Gained mutation: A weak demonic guardian rushes to your
                  | aid. [demonic ancestry]
   235 | D:1      | Reached XP level 2. HP: 24/24 MP: 2/2
   365 | D:1      | Found a faded altar of an unknown god.
   901 | D:1      | Gained mutation: You may rarely emit foul miasma when
                  | damaged in melee. [demonic ancestry]
   901 | D:1      | Reached XP level 3. HP: 29/29 MP: 3/3
  1662 | D:2      | Gained mutation: You are partially covered in slimy green
                  | scales. (AC +2) [demonic ancestry]
  1662 | D:2      | Reached XP level 4. HP: 14/35 MP: 4/4
  2084 | D:3      | Noticed Terence
  2092 | D:3      | Killed Terence
  2454 | D:3      | Noticed a phantom
  2472 | D:3      | Killed a phantom
  2473 | D:3      | Reached skill level 4 in Fighting
  2473 | D:3      | Reached XP level 5. HP: 23/42 MP: 5/5
  3077 | D:3      | Noticed Jessica
  3096 | D:3      | Killed Jessica
  3334 | D:3      | Found the dreamshard necklace {*Dream Drain}
  3546 | D:3      | Gained mutation: You have a pair of small horns on your
                  | head. [demonic ancestry]
  3546 | D:3      | Reached XP level 6. HP: 25/48 MP: 6/6
  4028 | D:3      | Noticed Natasha
  4034 | D:3      | Killed Natasha
  4139 | D:3      | Noticed Natasha
  4145 | D:3      | Killed Natasha
  4391 | D:3      | Noticed Natasha
  4402 | D:3      | Killed Natasha
  4897 | D:4      | Gained mutation: A demonic guardian rushes to your aid.
                  | [demonic ancestry]
  4897 | D:4      | Reached XP level 7. HP: 47/55 MP: 7/7
  5551 | D:5      | Entered Level 5 of the Dungeon
  5554 | D:5      | Found Ufaorr's Book Boutique.
  5619 | D:5      | Reached skill level 5 in Fighting
  5879 | D:5      | Identified the +2 helmet of Suosoiwaiph {rCorr}
  6292 | D:5      | Found an iron altar of Okawaru.
  6407 | D:5      | Noticed Pikel
  6427 | D:5      | Killed Pikel
  6428 | D:5      | Reached skill level 6 in Fighting
  6428 | D:5      | Reached skill level 5 in Polearms
  6428 | D:5      | Reached skill level 5 in Armour
  6428 | D:5      | Reached skill level 5 in Shields
  6428 | D:5      | Gained mutation: You sometimes emit foul miasma when
                  | damaged in melee. [demonic ancestry]
  6428 | D:5      | Reached XP level 8. HP: 54/64 MP: 8/8
  6508 | D:5      | Found Sero's Specific Store.
  6512 | D:5      | Found Ycezam's General Store.
  6605 | D:5      | Found a stormy altar of Qazlal.
  6665 | D:5      | Noticed Eustachio
  6728 | D:5      | Found Jexecoipp's Assorted Antiques.
  6731 | D:5      | Bought a yellow potion for 23 gold pieces
  6731 | D:5      | Bought a sapphire potion for 23 gold pieces
  6731 | D:5      | Bought a scroll labelled IROITO GIEHAR for 26 gold pieces
  7439 | D:6      | Found Moagonio's Antique Weapon Shop.
  7748 | D:6      | Found a large runed translucent door.
  7749 | D:6      | Found a large runed translucent door.
  7792 | D:6      | Found Qag Ivo's Assorted Antiques.
  7792 | D:6      | Noticed Maggie
  7798 | D:6      | Killed Maggie
  7799 | D:6      | Reached XP level 9. HP: 53/71 MP: 9/9
  7890 | D:6      | Bought a scroll labelled GOVVAF QIORINY for 22 gold pieces
  7890 | D:6      | Bought a scroll labelled BYUSIT RAIST for 22 gold pieces
  8195 | D:6      | Found Ron Gouh's Antique Weapon Boutique.
  8203 | D:6      | Bought a crude scythe for 184 gold pieces
  8203 | D:6      | Identified the +11 scythe of the Endless March {speed,
                  | rElec rPois Int+5 Dex+2} (You bought it in a shop on level
                  | 6 of the Dungeon)
  8275 | D:6      | Found a burning altar of Makhleb.
  8343 | D:7      | Found a blossoming altar of Fedhas.
  8365 | D:7      | Found an ancient bone altar of Kikubaaqudgha.
  8379 | D:7      | Killed Eustachio
  8380 | D:7      | Reached skill level 7 in Fighting
  8489 | D:7      | Found a runed translucent gate.
  8491 | D:7      | Found a runed translucent gate.
  8492 | D:7      | Found an opulent altar of Gozag.
  8498 | D:7      | Found a runed translucent gate.
  8500 | D:7      | Noticed a skeletal warrior
  8500 | D:7      | Noticed doomsgape's ghost (novice HOFi)
  8641 | D:7      | Found a sparkling altar of Nemelex Xobeh.
  8641 | D:7      | Found a sacrificial altar of Ru.
  8663 | D:7      | Noticed Menkaure
  8668 | D:7      | Killed Menkaure
  8797 | D:7      | Got Roniun's Catalogue of Bewitching Shape Shifting
  9181 | D:7      | Noticed a two-headed ogre
  9186 | D:7      | Killed a two-headed ogre
  9556 | D:7      | Found a staircase to the Ecumenical Temple.
  9673 | D:7      | Found a runed translucent door.
  9674 | D:7      | Noticed Crazy Yiuf
  9896 | Temple   | Entered the Ecumenical Temple
 10222 | D:7      | Reached skill level 8 in Fighting
 10552 | D:7      | Reached XP level 10. HP: 80/80 MP: 10/10
 10591 | D:7      | Killed Crazy Yiuf
 10805 | D:8      | Noticed a two-headed ogre
 10810 | D:8      | Killed a two-headed ogre
 11481 | D:8      | Reached skill level 9 in Fighting
 11630 | D:8      | Found a staircase to the Lair.
 11630 | D:8      | Noticed an elephant
 11645 | D:8      | Killed an elephant
 11955 | D:7      | Killed doomsgape's ghost
 12125 | D:7      | Killed a skeletal warrior
 12126 | D:7      | Gained mutation: You are mostly covered in slimy green
                  | scales. (AC +3) [demonic ancestry]
 12126 | D:7      | Reached XP level 11. HP: 57/89 MP: 11/11
 12462 | D:7      | Became a worshipper of Gozag Ym Sagoz the Greedy
 12789 | D:9      | Noticed a two-headed ogre
 12800 | D:9      | Killed a two-headed ogre
 13391 | D:10     | Entered Level 10 of the Dungeon
 13539 | D:10     | Reached skill level 10 in Fighting
 13811 | D:10     | Noticed an orange crystal statue
 13812 | D:10     | Noticed a deep elf pyromancer
 13831 | D:10     | Killed a deep elf pyromancer
 13969 | D:10     | Killed an orange crystal statue
 14509 | D:10     | Found a staircase to the Orcish Mines.
 14888 | D:11     | Got Piji's Grimoire of Creation
 14958 | D:11     | Reached skill level 10 in Armour
 15389 | D:11     | Reached skill level 11 in Fighting
 15571 | D:11     | Noticed a boulder beetle
 15585 | D:11     | Killed a boulder beetle
 15586 | D:11     | Reached skill level 10 in Polearms
 15770 | D:11     | Gained mutation: You are completely covered in slimy green
                  | scales. (AC +4, rPois) [demonic ancestry]
 15770 | D:11     | Reached XP level 12. HP: 83/100 MP: 12/12
 16059 | D:11     | Found a runed translucent gate.
 16059 | D:11     | Found a runed translucent gate.
 16059 | D:11     | Found a runed translucent gate.
 16068 | D:11     | Noticed Skiberibeda's ghost (journeyman TrMo)
 16074 | D:11     | Found a viscous altar of Jiyva.
 16380 | D:11     | Noticed a centaur warrior
 16401 | D:11     | Killed a centaur warrior
 16738 | D:11     | Found a bloodstained altar of Trog.
 17225 | D:12     | Reached skill level 12 in Fighting
 17281 | D:12     | Noticed a two-headed ogre
 17288 | D:12     | Killed a two-headed ogre
 17808 | D:12     | Noticed a two-headed ogre
 17816 | D:12     | Killed a two-headed ogre
 18043 | D:13     | Noticed an eight-headed hydra
 18043 | D:13     | Noticed a seven-headed hydra
 18237 | Lair:1   | Entered Level 1 of the Lair of Beasts
 18575 | Lair:1   | Found a runed translucent gate.
 18737 | Lair:1   | Found a runed translucent gate.
 18738 | Lair:1   | Found a runed translucent gate.
 18740 | Lair:1   | Noticed Sheol's ghost (journeyman MiFi)
 18743 | Lair:1   | Bought a glowing plate armour for 624 gold pieces
 18995 | Lair:1   | Noticed Gastronok
 19012 | Lair:1   | Killed Gastronok
 19013 | Lair:1   | Reached XP level 13. HP: 104/109 MP: 13/13
 19471 | Lair:1   | Bought a shiny plate armour for 624 gold pieces
 19526 | Lair:1   | Killed Sheol's ghost
 19539 | Lair:1   | Reached skill level 13 in Fighting
 19808 | Lair:2   | Found a staircase to the Snake Pit.
 20266 | Lair:2   | Found a staircase to the Shoals.
 21388 | Lair:3   | Identified the +7 flail "Arraru" {venom, Will+}
 21853 | Lair:3   | Found a frozen archway.
 21876 | IceCv    | Entered an ice cave
 22008 | IceCv    | Reached skill level 14 in Fighting
 22511 | IceCv    | Gained mutation: You have a pair of horns on your head.
                  | [demonic ancestry]
 22511 | IceCv    | Reached XP level 14. HP: 117/120 MP: 14/14
 22601 | IceCv    | Noticed a frost giant
 22625 | IceCv    | Killed a frost giant
 25610 | Lair:6   | Entered Level 6 of the Lair of Beasts
 25649 | Lair:6   | Found a dark tunnel.
 25657 | Volcano  | Entered a volcano
 26231 | Volcano  | Reached skill level 15 in Fighting
 27507 | Lair:6   | Found a staircase to the Slime Pits.
 27508 | Lair:6   | Found a viscous altar of Jiyva.
 28066 | Lair:6   | Got Obaor's Collected Works on Earth and Execration
 28407 | D:11     | Reached XP level 15. HP: 129/129 MP: 15/15
 29187 | D:11     | Killed Skiberibeda's ghost
 29397 | D:13     | Bought a wand of iceblast (7) for 176 gold pieces
 30570 | D:14     | Noticed Rupert
 31007 | D:14     | Found a gate to the Vaults.
 31046 | D:14     | Paralysed by Rupert for 2 turns
 31060 | D:14     | Killed Rupert
 31787 | D:14     | Reached skill level 16 in Fighting
 32488 | D:15     | Entered Level 15 of the Dungeon
 32488 | D:15     | Noticed Nessos
 32491 | D:15     | Killed Nessos
 32493 | D:15     | Noticed a storm dragon
 32493 | D:15     | a five-headed hydra changed into a storm dragon
 32728 | D:15     | Found a shadowy altar of Dithmenos.
 32971 | D:15     | Killed a storm dragon
 32972 | D:15     | Reached skill level 15 in Armour
 33024 | D:15     | Found Qapneren's General Store.
 33033 | D:15     | Bought a scroll of blinking for 120 gold pieces
 33033 | D:15     | Bought a scroll of fear for 56 gold pieces
 33033 | D:15     | Bought a potion of curing for 48 gold pieces
 33389 | D:15     | Found a staircase to the Depths.
 33706 | Orc:1    | Entered Level 1 of the Orcish Mines
 33772 | Orc:1    | Found the +4 robe of Folly {Brilliance Will-∞ Int+8}
 33855 | Orc:2    | Entered Level 2 of the Orcish Mines
 33879 | Orc:2    | Found a gate leading to a gauntlet.
 33947 | Gauntlet | Entered a Gauntlet
 33947 | Gauntlet | Found a transporter.
 33947 | Gauntlet | Found a transporter.
 33948 | Gauntlet | Found a transporter.
 33951 | Gauntlet | Found a transporter.
 33972 | Gauntlet | Found a transporter.
 33976 | Gauntlet | Found a transporter.
 33983 | Gauntlet | Found a transporter.
 34001 | Gauntlet | Found a transporter.
 34005 | Gauntlet | Found a large runed translucent door.
 34006 | Gauntlet | Found a large runed translucent door.
 34007 | Gauntlet | Found a large runed translucent door.
 34007 | Gauntlet | Found a large runed translucent door.
 34008 | Gauntlet | Found a runed translucent gate.
 34009 | Gauntlet | Found a transporter.
 34009 | Gauntlet | Found a runed translucent gate.
 34010 | Gauntlet | Found a runed translucent gate.
 34011 | Gauntlet | Found a large runed translucent door.
 34011 | Gauntlet | Found a large runed translucent door.
 34012 | Gauntlet | Found a large runed translucent door.
 34013 | Gauntlet | Found a large runed translucent door.
 34022 | Gauntlet | Found a large runed translucent door.
 34022 | Gauntlet | Found a large runed translucent door.
 34022 | Gauntlet | Found a runed translucent door.
 34022 | Gauntlet | Found a runed translucent door.
 34023 | Gauntlet | Found a large runed translucent door.
 34024 | Gauntlet | Found a large runed translucent door.
 34026 | Gauntlet | Found a transporter.
 34069 | Gauntlet | Found a transporter.
 34079 | Gauntlet | Found a transporter.
 34116 | Gauntlet | Found a large runed translucent door.
 34117 | Gauntlet | Found a large runed translucent door.
 34118 | Gauntlet | Found a large runed translucent door.
 34118 | Gauntlet | Found a large runed translucent door.
 34285 | Gauntlet | Reached skill level 15 in Polearms
 34307 | Gauntlet | Identified the amulet "Otua" {RegenMP rF+ Dex+3}
 34525 | Gauntlet | Got Loutan's Grimoire of the Rocks
 34525 | Gauntlet | Got the Handbook of Air and Stones
 34565 | Orc:2    | Identified a scroll of acquirement
 34828 | Orc:2    | Noticed Sonja
 34838 | Orc:2    | Killed Sonja
 34933 | Orc:2    | Found Vudu Jixt's Jewellery Emporium.
 35014 | Orc:2    | Found Hifo's Armour Boutique.
 35097 | Orc:2    | Found a staircase to the Elven Halls.
 35276 | Orc:2    | Noticed an orc warlord
 35294 | Orc:2    | Killed an orc warlord
 36086 | Orc:2    | Found Wurrij's Antique Weapon Boutique.
 36088 | Orc:2    | Found Sibuzur's Antique Armour Shop.
 36101 | Orc:2    | Bought an embroidered scarf for 296 gold pieces
 36189 | Orc:2    | Found Codohaoq's Antique Armour Shoppe.
 36332 | Orc:2    | Bought a pair of embroidered gloves for 240 gold pieces
 36640 | Orc:1    | Paralysed by an orc sorcerer for 5 turns
 37284 | Snake:1  | Entered Level 1 of the Snake Pit
 37284 | Snake:1  | Noticed Aizul
 37299 | Snake:1  | Killed Aizul
 37300 | Snake:1  | Reached XP level 16. HP: 76/136 MP: 16/16
 38637 | Snake:1  | Reached skill level 17 in Fighting
 39173 | Snake:1  | Found Heecsyp's Jewellery Shop.
 39173 | Snake:1  | Found Foushei's Book Emporium.
 39174 | Snake:1  | Found Basuokk's Book Emporium.
 39373 | Snake:2  | Found Taesinuf's Assorted Antiques.
 39894 | Snake:2  | Bought a scroll labelled BARIGR ULOM for 41 gold pieces
 39894 | Snake:2  | Bought a scroll labelled BYUSIT RAIST for 41 gold pieces
 39894 | Snake:2  | Bought a potion of curing for 123 gold pieces
 39894 | Snake:2  | Bought a scroll of teleportation for 123 gold pieces
 39938 | Snake:2  | Found a shimmering altar of Xom.
 43152 | Snake:3  | Found Godoj's General Store.
 44635 | Snake:3  | Gained mutation: Your magical and physical power is
                  | slightly enhanced at high health. [demonic ancestry]
 44635 | Snake:3  | Reached XP level 17. HP: 128/149 MP: 17/17
 44647 | Snake:3  | Reached skill level 18 in Fighting
 44979 | Snake:3  | Noticed Asterion
 44989 | Snake:3  | Killed Asterion
 45870 | Snake:4  | Entered Level 4 of the Snake Pit
 47956 | Snake:3  | HP: 7/151 [poisoned by a black mamba]
 50212 | Snake:4  | Noticed Vashnia
 50621 | Snake:4  | Killed Vashnia
 50934 | Snake:4  | Got a serpentine rune of Zot
 51134 | Snake:4  | Found a blossoming altar of Fedhas.
 51331 | Snake:4  | Reached skill level 19 in Fighting
 51911 | Shoals:1 | Entered Level 1 of the Shoals
 52302 | Lair:2   | Bought the ring "Niehikk" {Str+6 Int-5 Dex+3 Slay+2} for
                  | 1184 gold pieces
 52472 | Shoals:1 | Found a runed translucent door.
 52567 | Shoals:1 | Gained mutation: You have a pair of large horns on your
                  | head. [demonic ancestry]
 52567 | Shoals:1 | Reached XP level 18. HP: 160/160 MP: 18/18
 52809 | Shoals:1 | Acquired a manual of Dodging
 52934 | Shoals:1 | Identified the amulet "Vutzeyv" {Spirit Dex+3}
 52992 | Shoals:1 | Reached skill level 1 in Dodging
 55341 | Shoals:3 | Found Muraq's Antique Weapon Boutique.
 55731 | Shoals:2 | Reached skill level 5 in Dodging
 59423 | Shoals:3 | Noticed a tentacled monstrosity
 59428 | Shoals:3 | Identified the ring of Vodka {rN+ MP+9 Int-2 Dex+3}
 59431 | Shoals:3 | Killed a tentacled monstrosity
 59461 | Shoals:3 | Got the Incunabulum of Mad Ravings
 59594 | Shoals:4 | Entered Level 4 of the Shoals
 59818 | Shoals:4 | Noticed Ilsuiw
 60883 | Shoals:3 | Bought a pair of crude gloves for 256 gold pieces
 60883 | Shoals:3 | Identified the +0 pair of gloves of Lifelessness {Dex+2}
                  | (You bought it in a shop on level 3 of the Shoals)
 60900 | Shoals:3 | Bought a glowing tower shield for 202 gold pieces
 61294 | Shoals:4 | Found Sodatij's Magic Scroll Emporium.
 62179 | Shoals:4 | Found Roank's Weapon Shop.
 62322 | Shoals:4 | Bought a scroll of blinking for 135 gold pieces
 62322 | Shoals:4 | Bought a scroll of fear for 63 gold pieces
 62322 | Shoals:4 | Bought a scroll of magic mapping for 63 gold pieces
 62334 | Shoals:4 | Found Wurymol's Jewellery Emporium.
 62561 | Shoals:4 | Reached XP level 19. HP: 95/168 MP: 9/19
 63157 | Shoals:4 | Reached skill level 20 in Fighting
 63159 | Shoals:4 | Killed Ilsuiw
 63327 | Shoals:4 | Got a barnacled rune of Zot
 63946 | Shoals:4 | Found Areecoed's Antique Weapon Shop.
 65019 | Depths:1 | Entered Level 1 of the Depths
 65620 | Depths:1 | Noticed Bai Suzhen
 65622 | Depths:1 | Found a viscous altar of Jiyva.
 65638 | Depths:1 | Killed Bai Suzhen
 66016 | Depths:1 | Found a gateway to Hell.
 66335 | Depths:1 | Identified the +10 long sword of Kismet {pain, *Rage rPois
                  | Str-3 SInv}
 66343 | Depths:1 | Reached skill level 10 in Dodging
 66377 | Depths:1 | Noticed the Enchantress
 66403 | Depths:1 | Killed the Enchantress
 67501 | Depths:1 | Found a hazy altar of Hepliaklqana.
 67774 | Depths:1 | Found a one-way gate leading to the halls of Pandemonium.
 68156 | Depths:2 | Found a one-way gate to the infinite horrors of the Abyss.
 68157 | Depths:2 | You fall into a shaft and drop 2 floors!
 68157 | Depths:4 | Entered Level 4 of the Depths
 68190 | Depths:4 | Noticed a golden dragon
 68193 | Depths:4 | Noticed a golden dragon
 68801 | Depths:4 | Killed a golden dragon
 68936 | Depths:4 | Gained mutation: Your magical and physical power is
                  | enhanced at high health. [demonic ancestry]
 68936 | Depths:4 | Reached XP level 20. HP: 164/178 MP: 18/20
 68974 | Depths:4 | Found Raurghuf's Assorted Antiques.
 68976 | Depths:4 | Found Ijubompi's Assorted Antiques.
 68976 | Depths:4 | Found Seles's Antique Weapon Shop.
 68980 | Depths:4 | Found Fawu's Armour Boutique.
 69003 | Depths:4 | Bought a scroll labelled ABUYP QEGONG for 40 gold pieces
 69005 | Depths:4 | Bought a wand of acid (5) for 320 gold pieces
 69099 | Depths:4 | Noticed a caustic shrike
 69099 | Depths:4 | Noticed a caustic shrike
 69100 | Depths:4 | Noticed a caustic shrike
 69106 | Depths:4 | Killed a caustic shrike
 69111 | Depths:4 | HP: 5/178 [acid (7)]
 69111 | Depths:4 | Killed from afar by a yellow draconian

Illustrated notes

Levels and vault maps discovered:
D:1:      kilobyte_arrival_exit_the_forest, layout_basic,
          chequers_ecumenical_altar_simple
D:2:      layout_loops_ring, minmay_misc_feat_hallway, amethyst_killhole
D:3:      minmay_recursive_quarters, layout_basic, uniq_terence, uniq_jessica,
          uniq_natasha
D:4:      layout_basic, serial_glass, glass_columns_b, glass_columns_b
D:5:      layout_cave_pools, mainiacjoe_overflow_cross_hatched,
          grunt_qazlal_sundering, serial_shops, shop, kennysheep_mini,
          nicolae_specific_store, uniq_pikel, uniq_eustachio
D:6:      layout_basic, jmf_multi_god_temple2, serial_shops, shop, shop, shop,
          uniq_maggie
D:7:      layout_layer_cave, grunt_temple_overflow_growth_and_decay,
          gammafunk_temple_overflow_elements, temple_hall, ebering_ghost_gozag,
          uniq_crazy_yiuf_cottage, uniq_menkaure
D:8:      layout_loops_ring, david_lair_generic, corexii_leaking_fountain,
          st_stairs_1
D:9:      layout_loops_ring
D:10:     layout_loops_corners, hiddenorc1_lemuel, disabler_island
D:11:     nzn_winding_woodlands_three_and_one
          [nzn_winding_woodlands_5x15_lazy_stream,
          nzn_winding_woodlands_5x15_crooked, nzn_winding_woodlands_5x15_jagged,
          nzn_winding_woodlands_center_lodge], layout_irregular_city,
          gammafunk_ghost_ooze, trog_butcher_becter
D:12:     layout_basic, minmay_puff
D:13:     layout_grid_maze
D:14:     kennysheep_kobold_grotto, layout_loops_ring,
          ximxim_vaults_locker_room, uniq_rupert
D:15:     grunt_enter_depths_hoard, layout_rooms, serial_shops, shop,
          nicolae_dithmenos_shadow_blocks, uniq_nessos
Temple:   eino_temple_lava
Lair:1:   layout_misc_corridors, gammafunk_ghost_necromancy, uniq_gastronok
Lair:2:   layout_roguey, elwin_shoals_entry_stream,
          minmay_snake_entry_six_corridors, special_room [special_room_bee]
Lair:3:   layout_layer_cave, portal_ice_cave_demonic_guard
Lair:4:   layout_long_grid
Lair:5:   layout_cave_pods, nicolae_lair_lil_pond, minivault_26,
          beast_lair_carwin_3, grunt_megastairs_3
Lair:6:   grunt_lair_end_beastmaster, layout_long_grid, slime_altar_1,
          enter_volcano_4, minmay_hedge_maze
Shoals:1: nicolae_shoals_island_circles, layout_shoals, lightli_airlock
Shoals:2: layout_shoals, nicolae_shoals_arrival_archipelago
Shoals:3: dreamdust_from_the_deep, layout_shoals, serial_shops, shop
Shoals:4: shoals_end_grunt_garden, layout_shoals, shoal_ilsuiw, serial_shops,
          nicolae_shop_overgrown_old_shop, shop, shop, shop,
          nicolae_shoals_hunting_party
Snake:1:  layout_grid_shapes, grunt_megastairs_2, minmay_shop_grove,
          serial_bayou_shore_b, uniq_aizul
Snake:2:  layout_cave_pods, basic_altar, nicolae_stop_n_shop_1,
          nrook_guardian_serpent_double
Snake:3:  layout_misc_corridors, serial_shops, nicolae_shop_stone,
          grunt_megastairs_1, uniq_asterion
Snake:4:  johnstein_snake_rune_scales, layout_basic, basic_altar,
          nicolae_snake_dead_anacondas
Orc:1:    layout_caves, dreamdust_deal_with_the_devil
Orc:2:    grunt_orc_community_town_hall, layout_diamond_mine,
          grunt_orc_community_big_house_2, grunt_orc_community_big_house_1,
          grunt_orc_community_house_2, grunt_orc_community_house_1,
          grunt_orc_community_house_1, grunt_orc_community_house_2,
          grunt_orc_community_house_2, gauntlet_entry_generic, serial_shops,
          nicolae_shop_crystal, uniq_sonja
Depths:1: layout_gridlike, serial_bayou, serial_bayou_pond_a,
          serial_bayou_lagoon_b, serial_bayou_lake_a, serial_bayou_crossing,
          special_room [special_room_jelly], pf_hell_entry_great_geh, pan_entry,
          nzn_hepliaklqana_mist_gate, uniq_bai_suzhen, uniq_enchantress
Depths:2: minmay_five_octagons, layout_basic, enter_ziggurat_d,
          grunt_pan_entry_zigzag, abyss_entry, grunt_hell_entry_dis_old,
          chequers_serial_rivers_micro_e, chequers_serial_rivers_micro_d,
          minmay_staircase_statues
Depths:3: minmay_the_grid_octo_triangle [minmay_the_grid_octo_checkerflower,
          minmay_the_grid_octo_prize_star, minmay_the_grid_octo_focus],
          layout_gridlike, abyss_entry_crystal, grunt_pan_entry_sceptre,
          hell_entry, serial_bayou_shore_b, infiniplex_staircase_pillars_1
Depths:4: evilmike_zot_entry_basic, layout_honeycomb, grunt_decor_mini_mirrors,
          hangedman_coc_ice_floe, serial_bayou_shore_a, minmay_shoptagon

Skill      XL: |  1  2  3  4  5  6  7  8  9 10 11 12 13 14 15 16 17 18 19 |
---------------+----------------------------------------------------------+-----
Polearms       | 2 3 5 7 8 10 11 12 14 15 16 17 18 19 | 19.1
Shields        | 3 4 5 6 |  6.6
Armour         | 3 4 5 6 7 8 10 11 13 14 15 16 17 18 19 | 19.2
Fighting       | 4 6 8 9 11 12 14 15 16 17 19 20 | 20.8
Dodging        | 7 11 | 11.6

Action                   |  1- 3 |  4- 6 |  7- 9 | 10-12 | 13-15 | 16-18 | 19-21 || total
-------------------------+-------+-------+-------+-------+-------+-------+-------++-------
Melee: Trident           |   111 |   198 |   199 |       |       |       |       ||   508
       Headbutt          |       |     9 |    47 |    84 |   289 |   239 |   143 ||   811
       Scythe            |       |       |    60 |   518 |  1406 |  1553 |   600 ||  4137
Invok: Call Merchant     |       |       |       |     1 |     1 |     2 |       ||     4
Evoke: Wand              |       |       |     6 |     6 |    59 |     4 |     2 ||    77
  Use: Potion            |     2 |       |       |     2 |     1 |     9 |     1 ||    15
       Scroll            |       |       |     4 |       |    21 |    24 |     2 ||    51
 Stab: Distracted        |       |       |       |     1 |     9 |     9 |    12 ||    31
       Petrified         |       |       |       |       |     8 |       |       ||     8
       Petrifying        |       |       |       |       |     1 |       |       ||     1
Armor: Scale mail        |    40 |    77 |   143 |   254 |       |       |       ||   514
       Plate armour      |       |       |       |    13 |  1103 |  1251 |   280 ||  2647
Dodge: Dodged            |    38 |    66 |    98 |   212 |   425 |   777 |   251 ||  1867
Block: Buckler           |    17 |    39 |    50 |       |       |       |       ||   106
